 Dungeon Crawl Stone Soup version bcrawl-1.27.3 (webtiles) character file.

Game seed: 16293228458830016134

332179 pasperui the Ducker (level 9, 0/81 HPs)
             Began as a Gnoll Reaver on Sept 27, 2020.
             Was a Priest of Vehumet.
             Succumbed to a hornet's poison
             ... on level 7 of the Dungeon.
             The game lasted 00:23:34 (4808 turns).

pasperui the Ducker (Gnoll Reaver)                  Turns: 4808, Time: 00:23:35

Health: 0/81       AC: 10    Str: 13 (16) XL:     9   Next: 41%
Magic:  1/18       EV: 22    Int: 15 (16) God:    Vehumet [***...]
Gold:   443        SH:  2    Dex: 17 (20) Spells: 20/21 levels left

rFire    . . .     SeeInvis .   a - +0 long sword
rCold    . . .     Gourm    .   (no shield)
rNeg     . . .     Faith    .   b - +0 steam dragon scales
rPois    .         Spirit   +   p - +0 helmet
rElec    .         Reflect  .   L - +0 cloak
rCorr    .         Harm     .   J - +0 pair of gloves
MR       .....                  z - +0 pair of boots
Stlth    ++++......             O - amulet of guardian spirit
HPRegen  0.23/turn              G - ring of flight
MPRegen  0.16/turn              (no ring)

@: agile, lethally poisoned (0 -> -15), swift, flying, quick
A: distributed training, fangs 1, deterioration 1, robust 1, strong nose
a: Renounce Religion


You were on level 7 of the Dungeon.
You worshipped Vehumet.
Vehumet was most pleased with you.
You were not hungry.

You visited 1 branch of the dungeon, and saw 7 of its levels.

You collected 443 gold pieces.

Inventory:

Hand Weapons
 a - a +0 long sword (weapon)
 s - a +0 hunting sling
 S - a +3 shortbow
Missiles
 g - 1186 stones (quivered)
 n - 1362 arrows
 r - 288 sling bullets
 u - 195 poisoned needles
 A - 131 poisoned tomahawks
Armour
 b - +0 steam dragon scales (worn)
 m - a +0 helmet
 p - a +0 helmet (worn)
 z - a +0 pair of boots (worn)
 E - a +0 helmet
 J - a +0 pair of gloves (worn)
 L - a +0 cloak (worn)
Magical Staves
 R - an uncursed staff of summoning {unknown}
Jewellery
 v - a cursed ring of teleportation
 G - a ring of flight (left hand)
 O - an amulet of guardian spirit (around neck)
Wands
 j - a wand of flame (23)
 K - a wand of disintegration (13)
 P - a wand of paralysis (7)
Scrolls
 d - 2 scrolls of immolation
 h - 2 scrolls of fear {unknown}
 k - 4 scrolls of teleportation
 q - 4 scrolls of identify
 x - 3 scrolls of remove curse
 y - a scroll of fog {unknown}
 I - a scroll of enchant armour {unknown}
 M - a scroll of noise {unknown}
Potions
 f - a potion of heal wounds {unknown}
 l - 2 potions of degeneration
 o - a potion of mutation
 t - a potion of brilliance {unknown}
 w - 2 potions of flight
 B - a potion of agility
 C - a potion of ambrosia {unknown}
 H - a potion of might {unknown}
Comestibles
 e - 11 rations {!d}
 Q - 7 chunks of flesh


   Skills:
 + Level 7.8 Fighting
 + Level 4.1 Short Blades
 + Level 7.8 Long Blades
 + Level 4.1 Axes
 + Level 4.1 Maces & Flails
 + Level 4.1 Polearms
 + Level 4.1 Staves
 + Level 4.1 Slings
 + Level 4.1 Bows
 + Level 4.1 Crossbows
 + Level 4.1 Throwing
 + Level 4.1 Armour
 + Level 7.8 Dodging
 + Level 4.1 Stealth
 + Level 4.1 Shields
 + Level 4.1 Unarmed Combat
 + Level 6.5 Spellcasting
 + Level 3.4 Conjurations
 + Level 3.4 Hexes
 + Level 3.4 Charms
 + Level 3.4 Summonings
 + Level 3.4 Necromancy
 + Level 3.4 Translocations
 + Level 3.4 Transmutations
 + Level 3.4 Fire Magic
 + Level 3.4 Ice Magic
 + Level 3.4 Air Magic
 + Level 3.4 Earth Magic
 + Level 3.4 Poison Magic
 + Level 4.5 Invocations
 + Level 4.1 Evocations


You had 20 spell levels left.
You knew the following spells:

 Your Spells              Type           Power        Failure   Level  Hunger
a - Flame Tongue          Conj/Fire      ###..        1%          1    None

Your spell library contained the following spells:

 Spells                   Type           Power        Failure   Level  Hunger
 Fulminant Prism          Conj/Hex       ###.......   10%         4    ####...
 Iskenderun's Battlesphe  Conj/Chrm      ###.....     24%         5    #####..


Dungeon Overview and Level Annotations

Branches:
Dungeon (7/12)             Temple (0/1) D:6
   Lair: D:7-9

Altars:
Ashenzari
Nemelex Xobeh

Shops:
D:6 *


Innate Abilities, Weirdness & Mutations

Your experience applies equally to all skills.
You have very sharp teeth.
Your uncanny sense of smell can sniff out nearby items.
Your body sometimes deteriorates upon taking damage.
You are robust. (+10% HP)


Message History

It was a potion of degeneration.
There was something very wrong with that liquid.
You feel weakened.
You feel dopey.
You feel clumsy.
* * * LOW HITPOINT WARNING * * *
You feel very sick. You block the hornet's attack.
The hornet barely misses you.
Unknown command.
It was a potion of agility.
You feel agile all of a sudden.
You feel yourself speed up.
* * * LOW HITPOINT WARNING * * *
You feel very sick. The hornet barely misses you.
The hornet closely misses you.
Unknown command.
You barely miss the hornet. Your bite misses the hornet.
The hornet is moderately wounded.
* * * LOW HITPOINT WARNING * * *
You feel sick. The hornet closely misses you. The hornet misses you.
You miss the hornet. You bite the hornet.
The hornet is heavily wounded.
You die...

# ##...≈..#≈#≈ ##
##...≈#≈#.>≈###.t.#
.##
#...#≈###........##
#.### ##...##
.....t..## ##..##
##..## #........#
##..# ##..##
#......... #..#
##..####.........
###).#
##...##....$.#
#..### ###@yaZ...?#
#### ###t......#
####....# #.#...#
.# ### ##


You could see a hornet, a crocodile, a worker ant and a bullfrog zombie.

Vanquished Creatures
  Prince Ribbit (D:6)
  A spriggan (D:7)
  Menkaure (D:6)
  Edmund (D:5)
  Duvessa (D:6)
  A sky beast (D:5)
  A phantom (D:7)
  A necrophage (D:5)
  2 ogres
  2 centaurs
  2 bullfrogs
  2 jellies
  A scorpion (D:4)
  2 howler monkeys
  2 orc priests
  2 centaur skeletons
  3 hounds
  An iguana (D:5)
  4 orc wizards
  4 worker ants
  4 gnolls (D:5)
  11 adders
  An adder zombie (D:5)
  2 adder skeletons
  4 worms
  2 dart slugs
  3 leopard geckos
  18 orcs
  3 ball pythons
  2 giant cockroaches (D:2)
  7 goblins
  12 hobgoblins
  6 jackals (D:6)
  3 kobolds
  6 bats
  4 frilled lizards
  A jackal skeleton (D:4)
  7 rats
131 creatures vanquished.

Notes
Turn   | Place    | Note
-------+----------+-------------------------------------------
     0 | D:1      | pasperui the Gnoll Reaver began the quest for the Orb.
     0 | D:1      | Reached XP level 1. HP: 23/23 MP: 6/6
   125 | D:1      | Reached XP level 2. HP: 22/29 MP: 7/7
   312 | D:1      | Reached * piety under Vehumet
   312 | D:1      | Offered knowledge of Freeze by Vehumet.
   320 | D:1      | Reached XP level 3. HP: 35/35 MP: 9/9
   350 | D:1      | Reached skill level 5 in Spellcasting
   592 | D:2      | Found a sparkling altar of Nemelex Xobeh.
   625 | D:2      | Reached skill level 1 in Invocations
   644 | D:2      | Reached skill level 1 in Short Blades
   644 | D:2      | Reached skill level 1 in Axes
   644 | D:2      | Reached skill level 1 in Maces & Flails
   644 | D:2      | Reached skill level 1 in Polearms
   644 | D:2      | Reached skill level 1 in Staves
   644 | D:2      | Reached skill level 1 in Slings
   644 | D:2      | Reached skill level 1 in Bows
   644 | D:2      | Reached skill level 1 in Crossbows
   644 | D:2      | Reached skill level 1 in Throwing
   644 | D:2      | Reached skill level 1 in Armour
   644 | D:2      | Reached skill level 1 in Stealth
   644 | D:2      | Reached skill level 1 in Shields
   644 | D:2      | Reached skill level 1 in Unarmed Combat
   644 | D:2      | Reached skill level 1 in Evocations
   644 | D:2      | Reached XP level 4. HP: 41/41 MP: 11/11
  1133 | D:3      | Reached skill level 1 in Conjurations
  1133 | D:3      | Reached skill level 1 in Hexes
  1133 | D:3      | Reached skill level 1 in Charms
  1133 | D:3      | Reached skill level 1 in Summonings
  1133 | D:3      | Reached skill level 1 in Necromancy
  1133 | D:3      | Reached skill level 1 in Translocations
  1133 | D:3      | Reached skill level 1 in Transmutations
  1133 | D:3      | Reached skill level 1 in Fire Magic
  1133 | D:3      | Reached skill level 1 in Ice Magic
  1133 | D:3      | Reached skill level 1 in Air Magic
  1133 | D:3      | Reached skill level 1 in Earth Magic
  1133 | D:3      | Reached skill level 1 in Poison Magic
  1133 | D:3      | Reached XP level 5. HP: 33/47 MP: 12/12
  1536 | D:3      | Reached ** piety under Vehumet
  1536 | D:3      | Offered knowledge of Flame Tongue by Vehumet.
  1539 | D:3      | Learned a level 1 spell: Flame Tongue
  1868 | D:3      | Reached XP level 6. HP: 29/53 MP: 13/13
  2543 | D:5      | Entered Level 5 of the Dungeon
  2574 | D:5      | Reached XP level 7. HP: 12/59 MP: 15/15
  2767 | D:5      | Noticed Edmund
  2810 | D:5      | Killed Edmund
  2812 | D:5      | Offered knowledge of Searing Ray by Vehumet.
  2859 | D:5      | Reached XP level 8. HP: 50/67 MP: 16/16
  3091 | D:5      | HP: 1/67 [iguana (10)]
  3599 | D:6      | Reached *** piety under Vehumet
  3612 | D:6      | Noticed Duvessa
  3908 | D:6      | Found Seish's Assorted Antiques.
  3909 | D:6      | Noticed Menkaure
  3925 | D:6      | Killed Menkaure
  3994 | D:6      | Killed Duvessa
  4171 | D:6      | Found a shattered altar of Ashenzari.
  4179 | D:6      | Noticed Prince Ribbit
  4199 | D:6      | Killed Prince Ribbit
  4199 | D:6      | Reached XP level 9. HP: 48/72 MP: 13/18
  4272 | D:6      | Found a staircase to the Ecumenical Temple.
  4440 | D:7      | Offered knowledge of Fulminant Prism by Vehumet.
  4543 | D:7      | Noticed a troll
  4774 | D:7      | Noticed a hornet
  4801 | D:7      | Gained mutation: Your body sometimes deteriorates upon
                  | taking damage. [potion of mutation]
  4801 | D:7      | Gained mutation: You are robust. (+10% HP) [potion of
                  | mutation]
  4806 | D:7      | HP: 3/81 [poisoned by a hornet]
  4808 | D:7      | Succumbed to a hornet's poison

Skill      XL: |  1  2  3  4  5  6  7  8  9 |
---------------+----------------------------+-----
Spellcasting   | 5 6 |  6.5
Invocations    | 1 2 3 4 |  4.5
Short Blades   | 1 2 3 4 |  4.1
Axes           | 1 2 3 4 |  4.1
Maces & Flails | 1 2 3 4 |  4.1
Polearms       | 1 2 3 4 |  4.1
Staves         | 1 2 3 4 |  4.1
Slings         | 1 2 3 4 |  4.1
Bows           | 1 2 3 4 |  4.1
Crossbows      | 1 2 3 4 |  4.1
Throwing       | 1 2 3 4 |  4.1
Armour         | 1 2 3 4 |  4.1
Stealth        | 1 2 3 4 |  4.1
Shields        | 1 2 3 4 |  4.1
Unarmed Combat | 1 2 3 4 |  4.1
Evocations     | 1 2 3 4 |  4.1
Conjurations   | 1 2 3 |  3.4
Hexes          | 1 2 3 |  3.4
Charms         | 1 2 3 |  3.4
Summonings     | 1 2 3 |  3.4
Necromancy     | 1 2 3 |  3.4
Translocations | 1 2 3 |  3.4
Transmutations | 1 2 3 |  3.4
Fire Magic     | 1 2 3 |  3.4
Ice Magic      | 1 2 3 |  3.4
Air Magic      | 1 2 3 |  3.4
Earth Magic    | 1 2 3 |  3.4
Poison Magic   | 1 2 3 |  3.4
Fighting       | 7 |  7.8
Long Blades    | 7 |  7.8
Dodging        | 7 |  7.8

Action                   |  1- 3 |  4- 6 |  7- 9 || total
-------------------------+-------+-------+-------++-------
Melee: Long sword        |    97 |   164 |   328 ||   589
       Bite              |     6 |    20 |    44 ||    70
       Punch             |       |       |     8 ||     8
Throw: Stone             |       |       |     1 ||     1
 Cast: Flame Tongue      |       |       |    39 ||    39
  Use: Potion            |       |     1 |     8 ||     9
       Scroll            |       |       |     2 ||     2
 Stab: Sleeping          |       |     4 |     4 ||     8
       Distracted        |       |     1 |       ||     1
  Eat: Chunk             |     1 |    10 |    12 ||    23
       Ration            |       |       |     1 ||     1
Armor: Steam dragon scal |    27 |    32 |    74 ||   133
Dodge: Dodged            |    78 |   105 |   230 ||   413
Block: Other             |     2 |     7 |    21 ||    30
